 Dungeon Crawl Stone Soup version 0.29-a0-728-g6bb282b620 (webtiles) character file.

Game seed: 2415716823505368828

1694 DeathSun the Basher (level 8, -1/58 HPs)
             Began as a Demonspawn Fighter on June 29, 2022.
             Was a Believer of Okawaru.
             Slain by a gnoll shaman
             ... wielding a +0 whip
              (5 damage)
             ... on level 6 of the Dungeon.
             The game lasted 00:18:08 (8388 turns).

DeathSun the Basher (Demonspawn Fighter)            Turns: 8388, Time: 00:18:10

Health: -1/58      AC: 12    Str: 19    XL:     8   Next: 72%
Magic:  9/11       EV: 21    Int:  7    God:    Okawaru [**....]
Gold:   272        SH:  0    Dex: 13    Spells: 7/7 levels left

rFire   x . .      SeeInvis .     - Unarmed
rCold   + . .      Faith    .   (shield currently unavailable)
rNeg    + + +      Spirit   .   (body armour currently unavailable)
rPois   +          Reflect  .   (helmet currently unavailable)
rElec   .          Harm     .   (cloak currently unavailable)
rCorr   .          Rampage  .   (gloves currently unavailable)
Will    .....                   (boots currently unavailable)
Stlth   +.........              (no amulet)
HPRegen 0.19/turn               h - ring of wizardry
MPRegen 0.12/turn               i - ring of ice

@: brilliant, lit by a corona, fungus-form (expiring), heroic, glowing
A: melee confuse, terrified, no casting, tiny, (demonic guardian 1), (weakness
stinger 3), dopey 1, MP-powered wands, devolution 1
a: Renounce Religion, Heroism


You were on level 6 of the Dungeon.
You worshipped Okawaru.
Okawaru was pleased with you.
You were a sentient fungus.
You visited 1 branch of the dungeon, and saw 6 of its levels.

You collected 272 gold pieces.

Inventory:

Hand Weapons
 a - a +0 flail
 d - a +1 flail of protection (melded)
Missiles
 k - 15 poisoned darts (quivered)
Armour
 b - a +0 scale mail (melded)
 c - a +0 buckler (melded)
 v - a +2 leather armour of poison resistance
 I - the +2 leather armour of Plasticity {rPois rF- rC++ SInv}
   (You found it on level 6 of the Dungeon)

   rF:        It makes you vulnerable to fire.
   rC:        It greatly protects you from cold.
   rPois:     It protects you from poison.
   SInv:      It lets you see invisible.
Jewellery
 h - a ring of wizardry (left hypha)
 i - a ring of ice (right hypha)
 j - a +6 ring of intelligence
 x - an amulet of faith
 y - a ring of magical power
Wands
 B - a wand of iceblast (4)
 F - a wand of paralysis (9)
Scrolls
 e - 2 scrolls of poison
 g - a scroll of magic mapping {unknown}
 l - 2 scrolls of fear {unknown}
 o - 2 scrolls of blinking {unknown}
 r - a scroll of immolation {unknown}
 u - 3 scrolls of enchant weapon
 w - a scroll of vulnerability {unknown}
 C - 2 scrolls of teleportation {unknown}
 D - a scroll of brand weapon {unknown}
 G - a scroll of noise {unknown}
 H - a scroll of fog {unknown}
Potions
 f - 2 potions of flight {unknown}
 m - a potion of degeneration {unknown}
 p - a potion of heal wounds {unknown}
 q - a potion of brilliance
 s - a potion of mutation
 t - 3 potions of haste
 z - 3 potions of lignification
 A - a potion of magic {unknown}
 E - a potion of might
 J - a potion of curing


   Skills:
 - Level 3.0(8.0) Fighting
 * Level 9.8(14.8) Maces & Flails
 - Level 2.6(7.6) Armour
 - Level 2.6(7.6) Shields
 - Level 5.0 Invocations


You had 7 spell levels left.
You didn't know any spells.
Your spell library contained the following spells:

 Spells                   Type           Power      Damage    Failure   Level
 Dazzling Flash           Conj/Hex       0%         N/A       45%         3
 Portal Projectile        Hex/Tloc       0%         N/A       45%         3
 Iskenderun's Mystic Bla  Conj/Tloc      0%         2d3       86%         4
 Blade Hands              Tmut           0%         N/A       99%         5
 Starburst                Conj/Fire      0%         6d3       100%        6
 Tukima's Dance           Hex            Unusable   N/A       N/A         3

Dungeon Overview and Level Annotations

Branches:
Dungeon (6/15)
 Temple: D:4-7

Altars:
Elyvilon
Hepliaklqana
Okawaru
Sif Muna

Shops:
D:2 =

Annotations:
D:5 2 transporters
D:6 Eustachio


Innate Abilities, Weirdness & Mutations

You are a sentient fungus.
You are tiny and evasive.
Your melee attack releases spores that confuse breathing creatures.
You become terrified and freeze when enemies are visible.
Your armour is entirely melded.
You are incapable of wielding weapons or throwing items.
You cannot cast spells.
((A weak demonic guardian rushes to your aid.))
((You have a sharp stinger which inflicts weakening toxins.))
You are dopey. (Int -2)
You expend magic power (3 MP) to strengthen your wands.
You have hidden genetic defects.


Message History

You gain the combat prowess of a mighty hero.
The gnoll completely misses you. Grinder hits you.
* * * LOW HITPOINT WARNING * * *
You release spores at Grinder.
Grinder appears confused.
Grinder is lightly wounded.
Eustachio the Magnificent comes into view.
He is wielding a +0 rapier.
The gnoll hits you from afar with a +0 halberd!
* * * LOW HITPOINT WARNING * * *
Grinder hits you but does no damage.
Grinder hits herself.
Unknown command.
It was a potion of brilliance.
You feel clever all of a sudden.
Unknown command.
It was a potion of mutation.
You feel extremely strange.
You feel a hidden malignance growing inside you.
You feel stupid.
You feel your magical essence link to the dungeon's wands.
Grinder completely misses you.
Grinder hits herself.
Unknown command.
It was a potion of curing.
You feel better.
Your transformation is almost over.
The gnoll shaman calls upon its god to speed up the gnoll.
The gnoll seems to speed up.
Unknown command.
Eustachio shouts!
You release spores at Grinder!!
Grinder is severely wounded.
Grinder misses you.
You release spores at Grinder!!
You kill Grinder!
Okawaru accepts your kill.
The gnoll shaman mumbles some strange prayers to its god against you.
You are outlined in light.
The gnoll barely misses you.
You barely miss the gnoll shaman.
The gnoll hits you from afar with a +0 halberd!
* * * LOW HITPOINT WARNING * * *
Eustachio mumbles some strange words.
Eustachio blinks!
The gnoll shaman hits you with a +0 whip.
You die...

#.................###......#.#
#
######...........###........#
# #####...########.......#.###
#.....#.## #.......#..#
.........### #.......##.##
.........).# ##.....###..#
........##g# #......##...
........##g## ...........##
........##.f# #............
........###/...#............
......... ....## ........#
#.....#......ยง# ..##....#
#...#.......... .# ##....
.......##. #..#[ .....@..# .
##. #. .#........ #...#.
......


You could see Eustachio, a gnoll shaman and a gnoll (fast).

Vanquished Creatures
  Grinder (D:6)
  Edmund (D:5)
  A water moccasin (D:5)
  A sky beast (D:5)
  An ogre (D:5)
  2 centaurs
  A phantom (D:4)
  A scorpion (D:6)
  3 necrophages
  A howler monkey (D:4)
  A hound (D:5)
  3 orc priests
  3 iguanas (D:5)
  Terence (D:2)
  3 orc wizards
  4 adders
  12 gnolls
  A white imp (D:5)
  A worm (D:2)
  2 dart slugs
  15 orcs
  6 bats
  8 endoplasms
  5 giant cockroaches
  9 goblins
  7 hobgoblins
  10 jackals
  4 quokkas
  8 ball pythons
  2 frilled lizards (D:3)
  6 kobolds
  2 rats (D:1)
126 creatures vanquished.

Vanquished Creatures (collateral kills)
  2 adders (D:2)
  An endoplasm (D:2)
  A giant cockroach (D:2)
  A hobgoblin (D:2)
  3 jackals (D:1)
8 creatures vanquished.

Vanquished Creatures (others)
  An orc (D:5)
1 creature vanquished.

Grand Total: 135 creatures vanquished

Notes
Turn   | Place    | Note
-------+----------+-------------------------------------------
     0 | D:1      | DeathSun the Demonspawn Fighter began the quest for the
                  | Orb.
     0 | D:1      | Reached XP level 1. HP: 18/18 MP: 1/1
    70 | D:1      | Reached skill level 2 in Maces & Flails
   325 | D:1      | Gained mutation: A weak demonic guardian rushes to your
                  | aid. [demonic ancestry]
   325 | D:1      | Reached XP level 2. HP: 17/24 MP: 2/2
   492 | D:1      | Reached skill level 3 in Maces & Flails
   506 | D:1      | Gained mutation: You have a small tail. [demonic ancestry]
   506 | D:1      | Reached XP level 3. HP: 18/29 MP: 3/3
  1487 | D:2      | Reached skill level 4 in Maces & Flails
  1487 | D:2      | Reached XP level 4. HP: 31/35 MP: 4/4
  2011 | D:2      | Noticed Terence
  2021 | D:2      | Killed Terence
  2208 | D:2      | Noticed a great orb of eyes
  2218 | D:2      | Found a faded altar of an unknown god.
  2220 | D:2      | Noticed a great orb of eyes
  2220 | D:2      | Noticed a great orb of eyes
  2220 | D:2      | Noticed a shining eye
  2241 | D:2      | Prayed at the altar of an unknown god.
  2241 | D:2      | Became a worshipper of Warmaster Okawaru
  2241 | D:2      | Reached * piety under Okawaru
  2370 | D:2      | Found Xauforal's Jewellery Shoppe.
  2724 | D:2      | Gained mutation: You have a tail ending in a sharp stinger.
                  | [demonic ancestry]
  2724 | D:2      | Reached XP level 5. HP: 16/41 MP: 5/5
  3123 | D:3      | Reached skill level 1 in Invocations
  3214 | D:3      | Reached skill level 5 in Maces & Flails
  4360 | D:4      | Noticed a phantom
  4486 | D:5      | Entered Level 5 of the Dungeon
  4491 | D:5      | Reached XP level 6. HP: 47/47 MP: 7/7
  4906 | D:5      | Found a transporter.
  4908 | D:5      | Noticed a shadow
  4911 | D:5      | Noticed a wraith
  4911 | D:5      | Noticed a yak
  4912 | D:5      | Found a transporter.
  4913 | D:5      | Noticed a kobold demonologist
  4921 | D:5      | Found a hazy altar of Hepliaklqana.
  4932 | D:5      | Noticed Edmund
  4947 | D:5      | Killed Edmund
  4948 | D:5      | Reached skill level 6 in Maces & Flails
  5194 | D:5      | Gained mutation: You have a sharp stinger which inflicts
                  | weakening toxins. [demonic ancestry]
  5194 | D:5      | Reached XP level 7. HP: 35/52 MP: 9/9
  5600 | D:5      | Found a shimmering blue altar of Sif Muna.
  6181 | D:4      | Reached skill level 7 in Maces & Flails
  6305 | D:5      | Reached skill level 5 in Invocations
  6617 | D:6      | Reached ** piety under Okawaru
  6772 | D:4      | Paralysed by an orc for 3 turns
  7192 | D:4      | Reached skill level 8 in Maces & Flails
  7192 | D:4      | Reached XP level 8. HP: 53/58 MP: 11/11
  7518 | D:6      | Noticed Grinder
  7630 | D:6      | Identified the +2 leather armour of Plasticity {rPois rF-
                  | rC++ SInv}
  8236 | D:5      | Reached skill level 9 in Maces & Flails
  8372 | D:6      | Paralysed by Grinder for 5 turns
  8382 | D:6      | Noticed Eustachio
  8384 | D:6      | Gained mutation: You have hidden genetic defects. [potion
                  | of mutation]
  8384 | D:6      | Gained mutation: You are dopey. (Int -2) [potion of
                  | mutation]
  8384 | D:6      | Gained mutation: You expend magic power (3 MP) to
                  | strengthen your wands. [potion of mutation]
  8387 | D:6      | Killed Grinder
  8388 | D:6      | Slain by a gnoll shaman

Illustrated notes

Levels and vault maps discovered:
D:1:      minmay_arrival_shattered_statue, layout_basic, columned_hall_lemuel
D:2:      layout_loops_ring, hellmonk_ecumenical_altar_watching_god,
          serial_shops, nicolae_shop_waterfront, uniq_terence
D:3:      layout_loops_ring
D:4:      layout_loops_cross, amcnicky_mini_rare_corridor_liquid
D:5:      layout_basic, gammafunk_temple_overflow_arena,
          chequers_temple_overflow_statue_of_worship, kennysheep_generic_room_4,
          uniq_edmund
D:6:      layout_rooms, minmay_temple_entry_fiery, uniq_eustachio, uniq_grinder

Skill      XL: |  1  2  3  4  5  6  7  8 |
---------------+-------------------------+-----
Maces & Flails | 2 3 4 5 6 8 9 |  9.8
Invocations    | 2 3 5 |  5.0
Fighting       | |  3.0
Armour         | |  2.6
Shields        | |  2.6

Action                   |  1- 3 |  4- 6 |  7- 9 || total
-------------------------+-------+-------+-------++-------
Melee: Flail             |   117 |   156 |   197 ||   470
       Tailslap          |     6 |    14 |    23 ||    43
       Unarmed           |       |       |     4 ||     4
Invok: Heroism           |       |     1 |     3 ||     4
  Use: Potion            |       |     1 |     3 ||     4
       Scroll            |       |       |     4 ||     4
Armor: Scale mail        |    75 |    86 |    84 ||   245
       Skin              |       |       |     2 ||     2
Dodge: Dodged            |    75 |    70 |    70 ||   215
Block: Buckler           |    34 |    44 |    48 ||   126

Table legend: (Time is in decaauts)
 A = Elapsed time spent in this place.
 B = Non-inter-level travel time spent in this place.
 C = Inter-level travel time spent in this place.
 D = Time resting spent in this place.
 E = Time spent auto-exploring this place.
 F = Levels seen in this place.
 G = Mean time per level.
                   A        B        C        D        E       F      G
               +--------+--------+--------+--------+--------+-----+--------+
         Total |   8473 |   8054 |    419 |   2817 |   3851 |   6 | 1412.2 |
       Dungeon |   8473 |   8054 |    419 |   2817 |   3851 |   6 | 1412.2 |
               +--------+--------+--------+--------+--------+-----+--------+

Top non-repeatable levels by time:
     D:5: 2721 daAuts
     D:2: 1853 daAuts
     D:1: 1281 daAuts
     D:4: 1227 daAuts
     D:3: 1035 daAuts
     D:6: 355 daAuts
